 Dungeon Crawl Stone Soup version 0.21.1-1-g345015f (webtiles) character file.

3318 microfolk the Transmogrifier (level 9, -1/79 HPs)
             Began as a White Draconian Transmuter on Apr 21, 2018.
             Was an Initiate of Fedhas.
             Succumbed to Erica's bolt of poison
             ... on level 8 of the Dungeon.
             The game lasted 00:30:55 (11697 turns).

microfolk the Transmogrifier (DrTm)                Turns: 11697, Time: 00:30:55

Health: -1/79      AC:  3    Str: 13    XL:     9   Next: 71%
Magic:  12/18      EV: 12    Int: 16    God:    Fedhas [......]
Gold:   315        SH:  0    Dex: 12    Spells: 5/20 levels left

rFire    . . .     SeeInvis .     - Unarmed
rCold    + . .     Gourm    .   (shield currently unavailable)
rNeg     . . .     Faith    .   (armour unavailable)
rPois    .         Spirit   .   (helmet restricted)
rElec    .         Reflect  .   (no cloak)
rCorr    +         Harm     .   (gloves currently unavailable)
MR       .....                  (no boots)
Stlth    +.........             (no amulet)
HPRegen  0.23/turn              E - ring of wizardry
MPRegen  0.16/turn              k - ring of resist corrosion

@: lethally poisoned (-1 -> -11), blade hands, corroded
A: breathe frost, unfitting armour, cold resistance 1, cold-blooded, AC +7
a: Breathe Frost, End Transformation, Fungal Bloom, Renounce Religion


You were on level 8 of the Dungeon.
You worshipped Fedhas.
Fedhas was noncommittal.
You were not hungry.
You had blades for hands.
You visited 2 branches of the dungeon, and saw 9 of its levels.

You collected 385 gold pieces.
You spent 70 gold pieces at shops.

Inventory:

Hand Weapons
 d - a +0 hunting sling
Missiles
 a - 38 arrows
 f - 55 sling bullets
 p - 265 stones (quivered)
Armour
 e - a +0 buckler
 H - the +0 pair of gloves of Focruq (melded) {rC+ Str+6}
   (You found it on level 6 of the Dungeon)

   It affects your strength (+6).
   It protects you from cold.
Jewellery
 i - an uncursed ring of poison resistance
 k - a ring of resist corrosion (right scythe-like blade)
 l - a +3 ring of evasion
 E - a ring of wizardry (left scythe-like blade)
Wands
 g - a wand of disintegration (7)
 x - a wand of flame (17)
 y - a wand of random effects (22)
Scrolls
 m - 4 scrolls of remove curse
 n - 3 scrolls of amnesia
 r - a scroll of fear {unknown}
 t - a scroll of fog {unknown}
 u - a scroll of noise {unknown}
 v - a scroll of random uselessness {unknown}
 w - a scroll of immolation {unknown}
 F - a scroll of enchant weapon {unknown}
Potions
 j - 6 potions of curing
 o - a potion of might
 q - a potion of lignification
 s - 3 potions of haste
 z - 5 potions of flight
 B - a potion of ambrosia
 D - a potion of cancellation
Books
 b - a book of Changes

   Spells                             Type                      Level
   a - Beastly Appendage              Transmutation                1
   b - Sticks to Snakes               Transmutation                2
   c - Spider Form                    Transmutation/Poison         3
   d - Ice Form                       Ice/Transmutation            4
   e - Blade Hands                    Transmutation                5
 C - a book of Maledictions

   Spells                             Type                      Level
   a - Corona                         Hexes                        1
   b - Ensorcelled Hibernation        Hexes/Ice                    2
   c - Confuse                        Hexes                        3
   d - Tukima's Dance                 Hexes                        3
   e - Dazzling Spray                 Conjuration/Hexes            3
Comestibles
 c - 13 rations


   Skills:
 + Level 7.2 Fighting
 - Level 1.7 Dodging
 - Level 5.0 Unarmed Combat
 + Level 6.3 Spellcasting
 * Level 9.6 Transmutations


You had 5 spell levels left.
You knew the following spells:

 Your Spells              Type           Power        Failure   Level  Hunger
a - Beastly Appendage     Tmut           #####.       4%          1    None
b - Sticks to Snakes      Tmut           #####...     4%          2    None
c - Spider Form           Tmut/Pois      ###.......   14%         3    ##.....
d - Ice Form              Ice/Tmut       ###.....     30%         4    ####...
e - Blade Hands           Tmut           #####.....   16%         5    #####..


Dungeon Overview and Level Annotations

Branches:
Dungeon (8/15)             Temple (1/1) D:5
   Lair: D:8-11

Altars:
Ashenzari
Dithmenos
Elyvilon
Fedhas
Gozag
Hepliaklqana
Kikubaaqudgha
Makhleb
Nemelex Xobeh
Okawaru
Sif Muna
Trog
Uskayaw
Vehumet
Wu Jian
Xom
Yredelemnul
Zin
The Shining One

Shops:
D:4 (*[!

Annotations:
D:2 exclusion: downstairs
D:4 exclusion: 2 downstairs
D:5 exclusion: downstairs
D:6 arthur's ghost, novice GrEE
D:7 exclusion: downstairs
D:8 Erica; Psyche; Verendum's ghost, novice GrGl


Innate Abilities, Weirdness & Mutations

You can breathe waves of freezing cold.
You can buffet flying creatures when you breathe cold.
Your icy white scales are hard. (AC +7)
You cannot fit into any form of body armour.
Your flesh is cold resistant. (rC+)
You are cold-blooded and may be slowed by cold attacks.


Message History

Your ball python bites Erica.
Your ball python constricts Erica.
Your ball python bites Erica but does no damage.
Your ball python constricts Erica.
You slice Erica!!
Erica is heavily wounded.
Erica hits you with a scimitar of flaming!
* * * LOW HITPOINT WARNING * * *
Erica burns you!
* * * LOW HITPOINT WARNING * * *
Your ball python bites Erica but does no damage.
Your ball python constricts Erica.
You swap places.
Your adder bites Erica.
Erica points at you and mumbles some strange words.
The bolt of poison misses your adder. The bolt of poison hits you!
You are poisoned.
* * * LOW HITPOINT WARNING * * *
Your ball python bites Erica but does no damage.
Your ball python constricts Erica.
You die...
Fedhas appreciates your contribution to the ecosystem.

# ......Z.# #.#
##.## ###.......##
#.# #.# ......@...
#.# #.# ## .......
#.# #.# ..........
#.# #.# ########..
#.# ....@ #.#
####..######### #.#
#...........@.# #.#
#.##.#.######.# #.#
#. ##.#####S####.#
..
#....@S.....#####.#
#.
#.#####............#
# #.# ##############
#.# ##


You could see a friendly adder and a friendly ball python.

Vanquished Creatures
  A two-headed ogre (D:8)
  A hornet (D:8)
  A soldier ant (D:8)
  2 orc warriors
  A sky beast (D:6)
  4 ogres
  A bullfrog (D:7)
  A jelly (D:7)
  2 howler monkeys
  A bullfrog zombie (D:8)
  2 hounds
  A centaur skeleton (D:7)
  6 orc priests
  3 orc wizards (D:7)
  6 worker ants
  A gnoll (D:6)
  2 howler monkey skeletons
  3 adders
  A river rat (D:4)
  5 adder skeletons
  4 worms
  A dart slug (D:3)
  4 leopard geckos
  16 orcs
  A ball python (D:5)
  8 bats
  4 giant cockroaches
  6 goblins
  5 hobgoblins
  6 kobolds
  A quokka (D:6)
  5 frilled lizards
  A leopard gecko zombie (D:6)
  A quokka zombie (D:5)
  9 rats
117 creatures vanquished.

Vanquished Creatures (collateral kills)
  A two-headed ogre (D:7)
  A hippogriff (D:7)
  2 ogres
  A worker ant (D:4)
  An orc (D:4)
6 creatures vanquished.

Vanquished Creatures (others)
  38 toadstools
38 creatures vanquished.

Grand Total: 161 creatures vanquished

Notes
Turn   | Place    | Note
-------+----------+-------------------------------------------
     0 | D:1      | microfolk the Draconian Transmuter began the quest for the Orb.
     0 | D:1      | Reached XP level 1. HP: 16/16 MP: 3/3
   179 | D:1      | Reached XP level 2. HP: 23/23 MP: 5/5
   213 | D:1      | Learned a level 2 spell: Sticks to Snakes
   576 | D:2      | Found a glowing golden altar of the Shining One.
   680 | D:2      | Reached XP level 3. HP: 19/29 MP: 6/6
   685 | D:2      | Learned a level 3 spell: Spider Form
  1000 | D:2      | Reached skill level 3 in Transmutations
  1329 | D:3      | Found a sparkling altar of Nemelex Xobeh.
  1967 | D:3      | Noticed a scorpion
  2311 | D:4      | Found Dumy's Antique Weapon Shop.
  2313 | D:4      | Found Atupsox's Assorted Antiques.
  2315 | D:4      | Found Asua's Antique Armour Shop.
  2315 | D:4      | Found Zuoschyez's Distillery.
  2342 | D:4      | Found a white marble altar of Elyvilon.
  2342 | D:4      | Found a glowing golden altar of the Shining One.
  2343 | D:4      | Found a glowing silver altar of Zin.
  2597 | D:4      | Reached XP level 4. HP: 36/36 MP: 3/7
  3146 | D:4      | Reached skill level 4 in Transmutations
  3146 | D:4      | Reached XP level 5. HP: 30/42 MP: 4/9
  3416 | D:4      | Bought a potion of heal wounds for 70 gold pieces
  4232 | D:5      | Entered Level 5 of the Dungeon
  4232 | D:5      | Noticed an ogre
  4252 | D:5      | Learned a level 4 spell: Ice Form
  4695 | D:5      | Reached XP level 6. HP: 24/51 MP: 9/11
  5087 | D:5      | Reached skill level 5 in Transmutations
  5093 | D:5      | Found a staircase to the Ecumenical Temple.
  5098 | Temple   | Entered the Ecumenical Temple
  5273 | Temple   | Became a worshipper of Fedhas Madash
  5875 | D:6      | Found a hide-covered altar of Uskayaw.
  5952 | D:6      | Noticed arthur's ghost (novice GrEE)
  5972 | D:6      | Noticed a sky beast
  6695 | D:7      | Found a hazy altar of Hepliaklqana.
  6696 | D:7      | Found a shimmering altar of Xom.
  6696 | D:7      | Noticed a wyvern
  6697 | D:7      | Noticed a spectral ugly thing
  6697 | D:7      | Noticed a wyvern
  6959 | D:7      | Your scales start taking on an icy white colour.
  6959 | D:7      | Reached XP level 7. HP: 22/59 MP: 12/12
  6959 | D:7      | Gained mutation: Your flesh is cold resistant. (rC+) [White Draconian growth]
  6975 | D:7      | Noticed a hippogriff
  7652 | D:7      | Reached skill level 6 in Transmutations
  8291 | D:6      | Got a pair of dazzling gloves
  8297 | D:6      | Identified the +0 pair of gloves of Focruq {rC+ Str+6} (You found it on level 6 of the Dungeon)
  8389 | D:6      | Found an iron altar of Okawaru.
  8723 | D:6      | Learned a level 5 spell: Blade Hands
  8856 | D:7      | Reached skill level 5 in Fighting
  8856 | D:7      | Reached XP level 8. HP: 65/68 MP: 12/14
  9018 | D:7      | Reached skill level 7 in Transmutations
  9202 | D:8      | Noticed a two-headed ogre
  9202 | D:8      | Noticed Verendum's ghost (novice GrGl)
  9285 | D:7      | Killed a hippogriff
  9617 | D:7      | Reached skill level 5 in Spellcasting
  9905 | D:7      | Killed a two-headed ogre
  9905 | D:7      | Reached skill level 8 in Transmutations
  9905 | D:7      | Reached XP level 9. HP: 13/75 MP: 7/17
 10776 | D:8      | Noticed a two-headed ogre
 10783 | D:8      | Killed a two-headed ogre
 10783 | D:8      | Reached skill level 5 in Unarmed Combat
 10783 | D:8      | Reached skill level 9 in Transmutations
 11278 | D:8      | Noticed Psyche
 11668 | D:8      | Noticed Erica
 11696 | D:8      | HP: 1/79 [Erica/bolt of poison (15)]
 11697 | D:8      | Succumbed to Erica's bolt of poison

Skill      XL: |  1  2  3  4  5  6  7  8  9 |
---------------+----------------------------+-----
Transmutations | 3 4 5 6 8 9 |  9.6
Fighting       | 2 3 4 5 6 7 |  7.2
Spellcasting   | 3 4 5 6 |  6.3
Unarmed Combat | 4 5 |  5.0
Dodging        | |  1.7

Action                   |  1- 3 |  4- 6 |  7- 9 || total
-------------------------+-------+-------+-------++-------
Melee: Unarmed           |   206 |   240 |   213 ||   659
       Tailslap          |    19 |    29 |    21 ||    69
       Punch             |     2 |     3 |     1 ||     6
       Headbutt          |     4 |     5 |     7 ||    16
       Kick              |     5 |    15 |    13 ||    33
Throw: Stone             |       |       |     3 ||     3
 Cast: Beastly Appendage |    15 |    11 |     9 ||    35
       Sticks to Snakes  |     5 |    14 |    37 ||    56
       Spider Form       |       |     2 |    13 ||    15
       Blade Hands       |       |       |     3 ||     3
       Ice Form          |       |       |     3 ||     3
Invok: Fungal Bloom      |       |     4 |     8 ||    12
Evoke: Wand              |       |       |     2 ||     2
  Use: Scroll            |     7 |     7 |     1 ||    15
       Potion            |       |     1 |     5 ||     6
 Stab: Sleeping          |     2 |     3 |     1 ||     6
       Distracted        |       |     1 |     3 ||     4
  Eat: Chunk             |     2 |     6 |     6 ||    14
       Ration            |     2 |     2 |     4 ||     8
Armor: Skin              |    72 |    54 |    42 ||   168
Dodge: Dodged            |   123 |   119 |   150 ||   392
